 Dungeon Crawl Stone Soup version 0.30-a0-782-ge64f9170bb (webtiles) character file.

Game seed: 3343682982995822917

62 cheesebisquit the Chiller (level 4, -4/33 HPs)
             Began as a Ghoul Ice Elementalist on Feb 18, 2023.
             Slain by Natasha (5 damage)
             ... on level 2 of the Dungeon.
             The game lasted 00:06:49 (1867 turns).

cheesebisquit the Chiller (Ghoul Ice Elementalist)  Turns: 1867, Time: 00:06:49

Health: -4/33      AC:  9    Str: 11    XL:     4   Next: 8%
Magic:  7/7        EV: 12    Int: 12    God:
Gold:   144        SH:  0    Dex:  9    Spells: 1/8 levels left

rFire   . . .      SeeInvis .    c - +0 spear
rCold   + . .      Faith    .    (no shield)
rNeg    + + +      Spirit   .    a - +0 robe
rPois   ∞          Reflect  .    h - +0 helmet
rElec   .          Harm     .    (no cloak)
rCorr   .          Rampage  .    (no gloves)
Will    .....                    (no boots)
Stlth   ++                       (no amulet)
HPRegen 0.00/turn                (no ring)
MPRegen 0.10/turn                (no ring)

@: brilliant, ice-armoured, inhibited regen
A: claws 1, cold resistance 1, negative energy resistance 3, inhibited
regeneration, torment resistance 2, devour on kill
a: no special abilities


You were on level 2 of the Dungeon.
You visited 1 branch of the dungeon, and saw 2 of its levels.

You collected 144 gold pieces.

Inventory:

Hand Weapons
 c - a +0 spear (weapon)
Armour
 a - a +0 robe (worn)
 h - a +0 helmet (worn)
Scrolls
 g - a scroll of teleportation {unknown}
Potions
 d - a potion of lignification


   Skills:
 - Level 1.7 Dodging
 - Level 2.1 Stealth
 + Level 2.8 Spellcasting
 + Level 5.3 Ice Magic


You had one spell level left.
You knew the following spells:

 Your Spells              Type           Power      Damage    Failure   Level
a - Freeze                Ice            84%        1d9       2%          1
b - Frozen Ramparts       Ice            42%        1d7       9%          3
c - Ozocubu's Armour      Ice            21%        N/A       9%          3

Your spell library contained the following spells:

 Spells                   Type           Power      Damage    Failure   Level
 Scorch                   Fire           4%         2d5       36%         2
 Inner Flame              Hex/Fire       2%         N/A       58%         3
 Summon Ice Beast         Ice/Summ       12%        N/A       63%         4
 Metabolic Englaciation   Hex/Ice        6%         N/A       93%         5
 Cause Fear               Hex            1%         N/A       94%         4
 Flame Wave               Conj/Fire      2%         2d4       94%         4
 Simulacrum               Ice/Necr       6%         N/A       100%        6
 Summon Cactus Giant      Summ           1%         N/A       100%        6
 Discord                  Hex            1%         N/A       100%        8


Dungeon Overview and Level Annotations

Branches:
Dungeon (2/15)

Altars:
Nemelex Xobeh

Annotations:
D:2 Natasha


Innate Abilities, Weirdness & Mutations

You are immune to poison.
You have sharp fingernails.
Your flesh is cold resistant. (rC+)
You are immune to negative energy. (rN+++)
You do not regenerate when monsters are visible.
You are immune to unholy pain and torment.
You thrive by killing the living.


Message History

A hobgoblin comes into view.
The wall freezes the kobold.
You kill the kobold!
You feel better.
The wall freezes the gnoll.
The wall freezes the iron imp but does no damage.
The iron imp hits you.
The wall freezes Natasha.
Natasha casts a spell at you. The magic dart hits you.
* * * LOW HITPOINT WARNING * * *
It was a potion of lignification.
You feel woody for a moment.
The wall freezes the gnoll but does no damage.
The wall freezes the gnoll. x2; The iron imp completely resists.
The wall freezes the iron imp but does no damage.
The iron imp hits you.
* * * LOW HITPOINT WARNING * * *
The wall freezes Natasha but does no damage.
Natasha casts a spell at you. You resist with some effort.
It was a potion of brilliance.
You feel clever all of a sudden.
The wall freezes the gnoll.
The wall freezes the gnoll but does no damage.
The gnoll hits you from afar with a +0 spear.
* * * LOW HITPOINT WARNING * * *
The wall freezes the gnoll.
The wall freezes Natasha.
Natasha stares at you and mumbles some strange words.
You resist with some effort.
It was a potion of curing.
You feel better.
The frozen ramparts melt away.
The iron imp closely misses you. The gnoll closely misses you.
Natasha barely misses you.
As you read the scroll labelled YSSE KEAGODWA, it crumbles to dust.
You hear a loud clanging noise!
It was a scroll of noise.
You hear a shout!
The iron imp hits you.
* * * LOW HITPOINT WARNING * * *
The gnoll hits you from afar with a +0 spear.
* * * LOW HITPOINT WARNING * * *
Natasha claws you.
You die...

####### #.# ####..... #.#
#........#########.######
#........................
##.........<#######'######
........##...# #..†......
........##...# #.........
.....$.g##...####.........
.....>ggh@5..+............
......g###...####.........
....... #.).# #.........
....... #...####.........
...g... #...'..'.........
....... #...####(........
....... #...##...........
#...##.#........
##.###.#####+###


You could see an iron imp (summoned), Natasha and 4 gnolls.

Vanquished Creatures
  2 adders (D:2)
  3 endoplasms
  A giant cockroach (D:1)
  2 goblins
  A hobgoblin (D:1)
  9 jackals
  8 kobolds
  3 quokkas
  3 ball pythons
  3 frilled lizards (D:2)
  3 rats
38 creatures vanquished.

Notes
Turn   | Place    | Note
-------+----------+-------------------------------------------
     0 | D:1      | cheesebisquit the Ghoul Ice Elementalist began the quest
                  | for the Orb.
     0 | D:1      | Reached XP level 1. HP: 14/14 MP: 2/2
   659 | D:1      | Reached XP level 2. HP: 20/20 MP: 2/4
  1143 | D:2      | Reached XP level 3. HP: 26/26 MP: 3/5
  1151 | D:2      | Reached skill level 5 in Ice Magic
  1160 | D:2      | Learned a level 3 spell: Frozen Ramparts
  1164 | D:2      | Learned a level 3 spell: Ozocubu's Armour
  1558 | D:2      | Found a sparkling altar of Nemelex Xobeh.
  1662 | D:2      | Reached XP level 4. HP: 33/33 MP: 2/7
  1853 | D:2      | Noticed Natasha
  1865 | D:2      | HP: 1/33 [gnoll/+0 spear (1)]
  1867 | D:2      | Slain by Natasha

Illustrated notes

Levels and vault maps discovered:
D:1:      saegor_arrival_under_anarchy, layout_basic,
          chequers_serial_rivers_micro_a
D:2:      wad_river_or_something, layout_basic, basic_altar, uniq_natasha

Skill      XL: |  1  2  3 |
---------------+----------+-----
Spellcasting   | 2 |  2.8
Ice Magic      | 5 |  5.3
Dodging        | |  1.7
Stealth        | |  2.1

Action                     |  1- 3 |  4- 6 || total
---------------------------+-------+-------++-------
  Melee: Spear             |    36 |     1 ||    37
   Cast: Freeze            |    46 |     4 ||    50
         Ozocubu's Armour  |       |     1 ||     1
         Frozen Ramparts   |       |     1 ||     1
    Use: Potion            |       |     4 ||     4
         Scroll            |       |     1 ||     1
 Armour: Robe              |    18 |       ||    18
  Dodge: Dodged            |    52 |     9 ||    61

Table legend: (Time is in decaauts)
 A = Elapsed time spent in this place.
 B = Non-inter-level travel time spent in this place.
 C = Inter-level travel time spent in this place.
 D = Time resting spent in this place.
 E = Time spent auto-exploring this place.
 F = Levels seen in this place.
 G = Mean time per level.
                   A        B        C        D        E       F      G
               +--------+--------+--------+--------+--------+-----+--------+
         Total |   1872 |   1797 |     75 |      0 |   1533 |   2 |  936.0 |
       Dungeon |   1872 |   1797 |     75 |      0 |   1533 |   2 |  936.0 |
               +--------+--------+--------+--------+--------+-----+--------+

Top non-repeatable levels by time:
     D:1: 970 daAuts
     D:2: 902 daAuts
